 Dungeon Crawl Stone Soup version 0.29-a0-234-g0dae59b3db (webtiles) character file.

Game seed: 7628671280551960621

373 Niddhogr the Conjurer (level 6, -2/41 HPs)
             Began as a Demonspawn Conjurer on Mar 1, 2022.
             Was an Initiate of Gozag.
             Slain by Edmund
             ... wielding a +2 dire flail of protection
              (9 damage)
             ... on level 5 of the Dungeon.
             The game lasted 00:12:39 (5230 turns).

Niddhogr the Conjurer (Demonspawn Conjurer)         Turns: 5230, Time: 00:12:40

Health: -2/41      AC:  4    Str: 16    XL:     6   Next: 43%
Magic:  6/9        EV: 12    Int: 19    God:    Gozag
Gold:   302        SH:  0    Dex: 11    Spells: 3/9 levels left

rFire   . . .      SeeInvis .   s - +1 dagger (chaos)
rCold   . . .      Faith    .   (no shield)
rNeg    . . .      Spirit   .   a - +0 robe
rPois   .          Reflect  .   v - +1 hat
rElec   .          Harm     .   m - +0 cloak
rCorr   .          Rampage  .   (no gloves)
Will    .....                   (no boots)
Stlth   ++........              (no amulet)
HPRegen 0.13/turn               n - ring "Uzann" {Wiz Str+6}
MPRegen 0.11/turn               (no ring)

@: mighty, attractive
A: hooves 1, big brain 1, dopey 1, subdued magic 1
a: Renounce Religion, Potion Petition, Call Merchant, Bribe Branch


You were on level 5 of the Dungeon.
You worshipped Gozag.
Gozag was aware of your devotion.
You visited 2 branches of the dungeon, and saw 6 of its levels.

You collected 399 gold pieces.
You paid 97 gold pieces to Gozag.


Innate Abilities, Weirdness & Mutations

You have large cloven feet.
You have an unusually large brain. (Int +2)
You are dopey. (Int -2)
Your spells are a little easier to cast, but a little less powerful.


   Skills:
 - Level 1.7 Dodging
 - Level 1.7 Stealth
 - Level 2.0 Spellcasting
 + Level 7.8 Conjurations


You had 3 spell levels left.
You knew the following spells:

 Your Spells              Type           Power      Damage    Failure   Level
c - Mephitic Cloud        Conj/Pois/Air  9%         N/A       6%          3
m - Magic Dart            Conj           96%        1d7       1%          1
s - Searing Ray           Conj           48%        2d6       1%          2

Your spell library contained the following spells:

 Spells                   Type           Power      Damage    Failure   Level
 Dazzling Flash           Conj/Hex       24%        N/A       3%          3
 Beastly Appendage        Tmut           2%         N/A       6%          1
 Ensorcelled Hibernation  Hex/Ice        2%         N/A       9%          2
 Wereblood                Tmut           1%         N/A       9%          2
 Ignite Poison            Fire/Tmut/Pois 1%         N/A       17%         3
 Spider Form              Tmut/Pois      1%         N/A       17%         3
 Fulminant Prism          Conj/Hex       6%         3d7       12%         4
 Iskenderun's Mystic Bla  Conj/Tloc      12%        2d5       12%         4
 Freezing Cloud           Conj/Ice/Air   4%         6-21      47%         5
 Anguish                  Hex/Necr       0%         N/A       50%         4

Inventory:

Hand Weapons
 h - a +0 war axe
 s - a +1 dagger of chaos (weapon)
Missiles
 r - 6 silver javelins
Armour
 a - a +0 robe (worn)
 m - a +0 cloak (worn)
 v - a +1 hat (worn)
Jewellery
 n - the ring "Uzann" (left hand) {Wiz Str+6}
   (You found it on level 3 of the Dungeon)

   [ring of wizardry]

   It improves your spell success rate.
   Str:       It affects your strength (+6).
 P - a ring of poison resistance
Wands
 g - a wand of paralysis (2)
 u - a wand of iceblast (2)
Scrolls
 c - 5 scrolls of identify {unknown}
 d - a scroll of fear {unknown}
 e - 2 scrolls of magic mapping {unknown}
 f - 2 scrolls of blinking {unknown}
 k - a scroll of enchant armour {unknown}
 t - a scroll of silence {unknown}
Potions
 b - 2 potions of mutation {!q}
 i - a potion of ambrosia {unknown}
 j - a potion of might
 l - 3 potions of attraction {!q}
 o - a potion of cancellation {unknown}
 p - a potion of heal wounds {unknown}
 q - a potion of brilliance {unknown}
 w - a potion of flight {unknown}
 x - a potion of berserk rage {unknown}
 z - a potion of haste {unknown}

Dungeon Overview and Level Annotations

Branches:
Dungeon (5/15)             Temple (1/1) D:4

Altars:
Ashenzari
Elyvilon
Gozag
Kikubaaqudgha
Makhleb
Ru
Trog
Wu Jian
Xom
Yredelemnul
Zin
The Shining One

Annotations:
D:5 Edmund

#...o...# #####)<####......##.
#.⌠.⌠o⌠.# #...## #.........
#..o.Y..# #....# #..(...##.
+o.....<# #.########......#
#.......# ... #.........#
#.⌠.⌠.⌠.#...## #....######
#.......#..# #....#
###################....########
.......@@...............
.###########....######## #....#
#....# ######


You could see Edmund.


Message History

You hit Edmund but do no damage.
Edmund is lightly wounded.
Edmund gestures with his flail.
Edmund hits you with a +2 dire flail of protection.
You hit Edmund but do no damage. You kick Edmund.
Edmund is lightly wounded.
Edmund hits you with a +2 dire flail of protection!
You hit Edmund but do no damage.
Edmund is poisoned.
Edmund is lightly wounded.
Edmund hits you with a +2 dire flail of protection.
Edmund hits you with a +2 dire flail of protection!
* * * LOW HITPOINT WARNING * * *
It was a potion of attraction.
You feel attractive to monsters.
Edmund hits you with a +2 dire flail of protection!
* * * LOW HITPOINT WARNING * * *
It was a potion of mutation.
You feel extremely strange.
Your connection to magic feels subdued.
You feel stupid.
Edmund looks more healthy.
Edmund barely misses you.
It was a potion of might.
You feel very mighty all of a sudden. Edmund closely misses you.
You closely miss Edmund.
Edmund is moderately wounded.
Edmund barely misses you.
You barely miss Edmund. You kick Edmund, but do no damage.
Edmund is moderately wounded.
Edmund hits you with a +2 dire flail of protection!
You die...
Your body crumbles into a pile of gold.

Skill      XL: |  1  2  3  4  5 |
---------------+----------------+-----
Conjurations   | 5 6 7 |  7.8
Dodging        | |  1.7
Stealth        | |  1.7
Spellcasting   | |  2.0

Action                   |  1- 3 |  4- 6 || total
-------------------------+-------+-------++-------
Melee: Unarmed           |     9 |       ||     9
       Dagger            |    14 |    43 ||    57
       War axe           |    33 |    20 ||    53
       Kick              |       |    15 ||    15
       Punch             |       |     2 ||     2
 Cast: Magic Dart        |    25 |     2 ||    27
       Searing Ray       |     4 |    15 ||    19
Evoke: Wand              |       |     3 ||     3
  Use: Potion            |       |     3 ||     3
 Stab: Sleeping          |     1 |     1 ||     2
       Paralysed         |       |     2 ||     2
Armor: Robe              |    13 |    20 ||    33
Dodge: Dodged            |    47 |    43 ||    90

Levels and vault maps discovered:
D:1:      dpeg_arrival_court, layout_basic
D:2:      wander_river, layout_loops_ring,
          dreamdust_ecumenical_altar_angels_and_demons, minmay_pentomino_r4
D:3:      layout_basic, grunt_temple_overflow_champion_of_chaos
D:4:      layout_cave_pods, minmay_temple_entry_glass, uniq_ijyb
D:5:      layout_rooms, small_statue_intersection, minivault_24, st_stairs_3,
          grunt_ministairs_3, minmay_manual_mail, uniq_edmund,
          uniq_blork_the_orc, uniq_pikel
Temple:   mainiacjoe_temple_coin_purse

Notes
Turn   | Place    | Note
-------+----------+-------------------------------------------
     0 | D:1      | Niddhogr the Demonspawn Conjurer began the quest for the
                  | Orb.
     0 | D:1      | Reached XP level 1. HP: 13/13 MP: 3/3
     0 | D:1      | magus.rc [v1.11.3]
   264 | D:1      | Gained mutation: You have an unusually large brain. (Int
                  | +2) [demonic ancestry]
   264 | D:1      | Reached XP level 2. HP: 11/19 MP: 1/5
   453 | D:1      | Learned a level 2 spell: Searing Ray
   506 | D:1      | You pick up a book of Dreams and begin reading...
   506 | D:1      | You add the spells Ensorcelled Hibernation, Spider Form and
                  | Anguish to your library.
  1593 | D:2      | Reached skill level 5 in Conjurations
  1593 | D:2      | Reached XP level 3. HP: 22/24 MP: 1/6
  1605 | D:2      | Learned a level 3 spell: Mephitic Cloud
  2385 | D:2      | Gained mutation: You have large cloven feet. [demonic
                  | ancestry]
  2385 | D:2      | Reached XP level 4. HP: 30/30 MP: 7/7
  2479 | D:2      | Found a faded altar of an unknown god.
  2756 | D:3      | Identified the ring "Uzann" {Wiz Str+6}
  3121 | D:3      | Found a shimmering altar of Xom.
  3121 | D:3      | Found a burning altar of Makhleb.
  3150 | D:3      | Reached skill level 6 in Conjurations
  3619 | D:3      | Found a shimmering altar of Xom.
  3619 | D:3      | Found a burning altar of Makhleb.
  3898 | D:4      | Noticed Ijyb
  3923 | D:4      | Reached XP level 5. HP: 35/35 MP: 1/8
  3997 | D:4      | Found a staircase to the Ecumenical Temple.
  4007 | D:4      | Killed Ijyb
  4016 | Temple   | Entered the Ecumenical Temple
  4229 | Temple   | Became a worshipper of Gozag Ym Sagoz the Greedy
  4773 | D:5      | Entered Level 5 of the Dungeon
  4773 | D:5      | Noticed an ice beast
  4809 | D:5      | Noticed Blork the orc
  4813 | D:5      | Killed Blork the orc
  4814 | D:5      | Reached skill level 7 in Conjurations
  4930 | D:5      | Noticed a centaur
  4939 | D:5      | Killed a centaur
  4940 | D:5      | Reached XP level 6. HP: 36/41 MP: 4/9
  5202 | D:5      | Noticed Edmund
  5227 | D:5      | Gained mutation: Your spells are a little easier to cast,
                  | but a little less powerful. [potion of mutation]
  5227 | D:5      | Gained mutation: You are dopey. (Int -2) [potion of
                  | mutation]
  5230 | D:5      | Slain by Edmund

Vanquished Creatures
  A centaur (D:5)
  Blork the orc (D:5)
  A crimson imp (D:3)
  A hound (D:4)
  Ijyb (D:4)
  An iguana (D:4)
  6 adders
  A shadow imp (D:5)
  A worm (D:5)
  A dart slug (D:1)
  2 orcs
  4 bats
  7 endoplasms
  4 giant cockroaches
  4 goblins
  5 hobgoblins
  3 kobolds (D:2)
  2 quokkas
  2 ball pythons
  3 frilled lizards (D:2)
  5 rats
56 creatures vanquished.

Table legend: (Time is in decaauts)
 A = Elapsed time spent in this place.
 B = Non-inter-level travel time spent in this place.
 C = Inter-level travel time spent in this place.
 D = Time resting spent in this place.
 E = Time spent auto-exploring this place.
 F = Levels seen in this place.
 G = Mean time per level.
                   A        B        C        D        E       F      G
               +--------+--------+--------+--------+--------+-----+--------+
         Total |   5272 |   5144 |    128 |    275 |   4224 |   6 |  878.7 |
       Dungeon |   5045 |   4929 |    116 |    275 |   4024 |   5 | 1009.0 |
        Temple |    226 |    214 |     12 |      0 |    200 |   1 |  226.0 |
               +--------+--------+--------+--------+--------+-----+--------+

Top non-repeatable levels by time:
     D:1: 1361 daAuts
     D:2: 1230 daAuts
     D:3: 1194 daAuts
     D:4: 961 daAuts
     D:5: 298 daAuts
  Temple: 226 daAuts

Table legend:
 A = Non-vault XP
 B = Vault XP
 C = Vault XP percentage of total XP
 D = Non-vault monster count
 E = Vault monster count
 F = Vault count percentage of total count
                 A         B        C        D         E       F
            +---------+---------+-------+---------+---------+-------
      Total |     340 |     193 |  36.2 |      49 |       7 |  12.5
            +---------+---------+-------+---------+---------+-------
        D:1 |      31 |       0 |   0.0 |      16 |       0 |   0.0
        D:2 |      64 |      17 |  21.0 |      17 |       4 |  19.0
        D:3 |      24 |      50 |  67.6 |       7 |       1 |  12.5
        D:4 |      83 |      36 |  30.3 |       5 |       1 |  16.7
        D:5 |     138 |      90 |  39.5 |       4 |       1 |  20.0
            +---------+---------+-------+---------+---------+-------
